 Dungeon Crawl Stone Soup version 0.25-a0-782-g655279ceaa (webtiles) character file.

Game seed: 10018300261975727279, levelgen mode: deterministic

485 Flugslaktarn the Chopper (level 6, 0/56 HPs)
             Began as a Minotaur Fighter on Apr 16, 2020.
             Was an Elder of Uskayaw.
             Slain by a sky beast (5 damage)
             ... on level 6 of the Dungeon.
             The game lasted 00:01:05 (2286 turns).

Flugslaktarn the Chopper (Minotaur Fighter)         Turns: 2286, Time: 00:01:05

Health: 0/56       AC:  8    Str: 22    XL:     6   Next: 88%
Magic:  6/6        EV:  7    Int:  5    God:    Uskayaw [****..]
Gold:   226        SH: 10    Dex: 10    Spells: 5/5 levels left

rFire    . . .     SeeInvis .   a - +0 war axe
rCold    . . .     Gourm    .   c - +0 kite shield
rNeg     . . .     Faith    .   b - +0 scale mail
rPois    .         Spirit   .   (helmet restricted)
rElec    .         Reflect  .   (no cloak)
rCorr    .         Harm     .   (no gloves)
MR       .....                  l - +0 pair of boots
Stlth    ..........             (no amulet)
HPRegen  0.18/turn              (no ring)
MPRegen  0.10/turn              (no ring)

@: no status effects
A: retaliatory headbutt, horns 2
a: Stomp, Line Pass, Renounce Religion


You were on level 6 of the Dungeon.
You worshipped Uskayaw.
Uskayaw was noncommittal.
You were hungry.

You visited 1 branch of the dungeon, and saw 6 of its levels.

You collected 226 gold pieces.

Inventory:

Hand Weapons
 a - a +0 war axe (weapon)
Armour
 b - a +0 scale mail (worn)
 c - a +0 kite shield (worn)
 l - a +0 pair of boots (worn)
   (You found it on level 4 of the Dungeon)
Jewellery
 q - an uncursed ring of poison resistance {unknown}
   (You found it on level 5 of the Dungeon)
 t - a cursed -2 ring of evasion {unknown}
   (You found it on level 5 of the Dungeon)
Wands
 u - a wand of enslavement (10)
   (You found it on level 5 of the Dungeon)
Scrolls
 j - a scroll of random uselessness {unknown}
 k - 2 scrolls of identify {unknown}
 m - a scroll of fear {unknown}
 o - a scroll of teleportation {unknown}
 p - a scroll of remove curse {unknown}
 v - 3 scrolls of immolation {unknown}
Potions
 d - a potion of might
 f - a potion of ambrosia {unknown}
 g - 3 potions of curing {unknown}
 h - a potion of flight {unknown}
 i - a potion of invisibility {unknown}
 n - a potion of berserk rage {unknown}
 r - a potion of mutation {unknown}
Comestibles
 e - 3 rations


   Skills:
 + Level 5.1 Fighting
 * Level 5.7 Axes
 + Level 5.0 Armour
 + Level 5.1 Shields
 + Level 2.2 Invocations


You had 5 spell levels left.
You didn't know any spells.
Your spell library was empty.

Dungeon Overview and Level Annotations

Branches:
Dungeon (6/15)             Temple (0/1) D:5

Altars:
Elyvilon
Nemelex Xobeh
Uskayaw
Yredelemnul


Innate Abilities, Weirdness & Mutations

You reflexively headbutt those who attack you in melee.
You have a pair of horns on your head.


Message History

You miss something. Something hits you but does no damage.
No target in view!
No target in view!
Unknown command.
You miss something.
You are feeling hungry.
Something hits you. Something shocks you.
You miss something. Something hits you.
* * * LOW HITPOINT WARNING * * *
Something shocks you.
* * * LOW HITPOINT WARNING * * *
A sky beast appears from thin air!
Reactivating autopickup.
You block the sky beast's attack.
You hit the sky beast but do no damage.
The sky beast is heavily wounded.
The sky beast hits you.
* * * LOW HITPOINT WARNING * * *
The sky beast shocks you.
You die...

....
###.........#...##
. #..###.......##
##.## ##......#
#..# ##......#
#.## #........#
##.# #.........
#..# #..#####..
##.## ... #. #Y@.#
.... . #.....†...#
#.....#......
#.....###...##
#..... ..## #....
.## ..... .# ....


You could see a sky beast.

Vanquished Creatures
  A sky beast (D:4)
  A bullfrog (D:6)
  A crimson imp (D:5)
  A hound (D:6)
  A jelly (D:4)
  2 iguanas
  3 worker ants
  A hound skeleton (D:5)
  9 oozes (D:4)
  A dart slug (D:1)
  2 leopard geckos
  3 orcs (D:4)
  A bat (D:2)
  2 giant cockroaches
  2 goblins (D:3)
  A hobgoblin (D:2)
  8 jackals (D:4)
  3 quokkas
  A frilled lizard (D:3)
  2 gnoll zombies (D:4)
  13 kobolds
  A leopard gecko skeleton (D:4)
  A leopard gecko zombie (D:4)
  A quokka skeleton (D:6)
  3 rats
  A fungus (D:4)
66 creatures vanquished.

Vanquished Creatures (others)
  7 toadstools (D:4)
7 creatures vanquished.

Grand Total: 73 creatures vanquished

Notes
Turn   | Place    | Note
-------+----------+-------------------------------------------
     0 | D:1      | Flugslaktarn the Minotaur Fighter began the quest for the
                  | Orb.
     0 | D:1      | Reached XP level 1. HP: 19/19 MP: 0/0
   209 | D:1      | Reached XP level 2. HP: 27/27 MP: 1/1
   415 | D:3      | Found a hide-covered altar of Uskayaw.
   415 | D:3      | Found a sparkling altar of Nemelex Xobeh.
   476 | D:3      | Became a worshipper of Uskayaw the Reveler
   518 | D:3      | Reached * piety under Uskayaw
   531 | D:4      | Noticed a sky beast
   535 | D:4      | Reached ** piety under Uskayaw
   538 | D:4      | Reached *** piety under Uskayaw
   539 | D:4      | Killed a sky beast
   539 | D:4      | Reached skill level 1 in Invocations
   539 | D:4      | Reached XP level 3. HP: 9/33 MP: 2/2
   539 | D:4      | Reached XP level 4. HP: 11/40 MP: 3/3
   542 | D:4      | Reached **** piety under Uskayaw
   773 | D:4      | Reached XP level 5. HP: 28/47 MP: 4/4
  1103 | D:4      | Reached ***** piety under Uskayaw
  1386 | D:4      | Reached skill level 5 in Axes
  1386 | D:4      | Reached XP level 6. HP: 48/53 MP: 6/6
  1431 | D:4      | Found a basalt altar of Yredelemnul.
  1495 | D:5      | Entered Level 5 of the Dungeon
  1537 | D:5      | Found a staircase to the Ecumenical Temple.
  1630 | D:5      | Found a white marble altar of Elyvilon.
  1929 | D:5      | Reached skill level 5 in Shields
  2268 | D:6      | Noticed a sky beast
  2275 | D:6      | Reached skill level 5 in Fighting
  2282 | D:6      | Reached skill level 5 in Armour
  2286 | D:6      | Slain by a sky beast

Levels and vault maps discovered:
D:1:      minmay_arrival_solitary_statue, layout_loops_cross
D:2:      layout_loops_corners, first_ration
D:3:      layout_loops_ring, gammafunk_temple_overflow_wave, marbit_many_paths,
          lemuel_round_altar, chequers_ecumenical_altar_grove
D:4:      cheibrodos_fertilizer, layout_rooms, lemuel_zombie_altar_yredelemnul,
          grunt_ministairs_4
D:5:      layout_loops_ring, elyvilon_altar_4, temple_fountains
D:6:      layout_layer_cave, uniq_blork_the_orc, uniq_pikel

Skill      XL: |  1  2  3  4  5  6 |
---------------+-------------------+-----
Axes           | 4 5 |  5.7
Fighting       | 4 5 |  5.1
Armour         | 4 5 |  5.0
Shields        | 4 5 |  5.1
Invocations    | 1 2 |  2.2

Action                   |  1- 3 |  4- 6 || total
-------------------------+-------+-------++-------
Melee: War axe           |    41 |    93 ||   134
       Headbutt          |     3 |    14 ||    17
 Stab: Paralysed         |       |     3 ||     3
  Eat: Chunk             |       |     4 ||     4
Armor: Scale mail        |    18 |    33 ||    51
Dodge: Dodged            |     4 |    30 ||    34
Block: Kite shield       |    23 |    46 ||    69

Table legend:
 A = Non-vault XP
 B = Vault XP
 C = Vault XP percentage of total XP
 D = Non-vault monster count
 E = Vault monster count
 F = Vault count percentage of total count
                 A         B        C        D         E       F
            +---------+---------+-------+---------+---------+-------
      Total |     574 |     120 |  17.3 |      46 |      19 |  29.2
            +---------+---------+-------+---------+---------+-------
        D:1 |      15 |       0 |   0.0 |       7 |       0 |   0.0
        D:2 |       8 |       0 |   0.0 |       5 |       0 |   0.0
        D:3 |      11 |       0 |   0.0 |       6 |       0 |   0.0
        D:4 |     231 |     120 |  34.2 |      19 |      19 |  50.0
        D:5 |     175 |       0 |   0.0 |       6 |       0 |   0.0
        D:6 |     134 |       0 |   0.0 |       3 |       0 |   0.0
            +---------+---------+-------+---------+---------+-------
